 Dungeon Crawl Stone Soup version 0.29-a0-923-g6e406bff71 (webtiles) character file.

Game seed: 16969363017448956819

30 testman the Changer (level 3, -1/25 HPs)
             Began as a Gnoll Wanderer on July 27, 2022.
             Was a Follower of Trog.
             Slain by a worm (9 damage)
             ... on level 2 of the Dungeon.
             The game lasted 00:04:57 (1698 turns).

testman the Changer (Gnoll Wanderer)                Turns: 1698, Time: 00:04:58

Health: -1/25      AC:  3    Str: 12    XL:     3   Next: 20%
Magic:  9/9        EV: 11    Int: 14    God:    Trog [*.....]
Gold:   95         SH:  0    Dex: 15    Spells: 10/12 levels left

rFire   . . .      SeeInvis .   f - +0 dagger
rCold   . . .      Faith    .   (no shield)
rNeg    . . .      Spirit   .   c - +0 robe
rPois   .          Reflect  .   l - +0 helmet
rElec   .          Harm     .   (no cloak)
rCorr   .          Rampage  .   (no gloves)
Will    .....                   (no boots)
Stlth   ++........              (no amulet)
HPRegen 0.08/turn               j - +6 ring of dexterity
MPRegen 0.11/turn               (no ring)

@: no status effects
A: fangs 1, strong nose, distributed training
a: Renounce Religion, Berserk


You were on level 2 of the Dungeon.
You worshipped Trog.
Trog was aware of your devotion.
You visited 1 branch of the dungeon, and saw 2 of its levels.

You collected 95 gold pieces.

Inventory:

Hand Weapons
 a - a +0 club
 f - a +0 dagger (weapon)
Missiles
 o - 3 boomerangs
Armour
 c - a +0 robe (worn)
 l - a +0 helmet (worn)
Magical Staves
 k - a staff of cold
Jewellery
 j - a +6 ring of dexterity (left hand)
Scrolls
 b - a scroll of blinking
 e - 2 scrolls of teleportation {unknown}
 g - 3 scrolls of identify {unknown}
 i - a scroll of brand weapon {unknown}
Potions
 h - a potion of brilliance {unknown}
 m - a potion of curing {unknown}
 n - a potion of attraction {unknown}
Miscellaneous
 d - a piece from Xom's chessboard (15/15)


   Skills:
 + Level 0.7 Fighting
 + Level 0.7 Short Blades
 + Level 0.7 Long Blades
 + Level 0.7 Axes
 + Level 0.7 Maces & Flails
 + Level 0.7 Polearms
 + Level 0.7 Staves
 + Level 0.7 Ranged Weapons
 + Level 0.7 Throwing
 + Level 0.7 Armour
 + Level 0.7 Dodging
 + Level 0.7 Stealth
 + Level 0.7 Shields
 + Level 0.7 Unarmed Combat
 + Level 5.0 Spellcasting
 + Level 3.7 Conjurations
 + Level 0.5 Hexes
 + Level 0.5 Summonings
 + Level 0.5 Necromancy
 + Level 0.5 Translocations
 + Level 5.4 Transmutations
 + Level 0.5 Fire Magic
 + Level 0.5 Ice Magic
 + Level 0.5 Air Magic
 + Level 0.5 Earth Magic
 + Level 0.5 Poison Magic
 + Level 2.6 Invocations
 + Level 4.5 Evocations


You had 10 spell levels left.
You knew the following spells:

 Your Spells              Type           Power      Damage    Failure   Level
a - Beastly Appendage     Tmut           36%        N/A       1%          1
b - Shock                 Conj/Air       36%        1d5       8%          1

Your spell library contained the following spells:

 Spells                   Type           Power      Damage    Failure   Level
 Spider Form              Tmut/Pois      11%        N/A       16%         3
 Dazzling Flash           Conj/Hex       18%        N/A       22%         3
 Flame Wave               Conj/Fire      9%         2d6       58%         4


Dungeon Overview and Level Annotations

Branches:
Dungeon (2/15)

Altars:
Trog


Innate Abilities, Weirdness & Mutations

You have very sharp teeth.
Your uncanny sense of smell can sniff out nearby items.
Your experience applies equally to all skills.


Message History

Your base attributes are Str 10, Int 14, Dex 9.
Increase (S)trength, (I)ntelligence, or (D)exterity?
You feel stronger. x2
Calm down first, please.
You feel a strong urge to attack something.
You feel your anger nearly subside.
You are no longer berserk.
You are exhausted.
You feel yourself slow down.
e - 2 scrolls labelled ICEC FOGAI (gained 1)
g - 3 scrolls labelled BUPRAA KOGU (gained 1)
You feel yourself speed up.
You recover from your berserk rage.
A rat comes into view.
A worm comes into view.
You closely miss the rat. The rat barely misses you.
You hit the rat but do no damage. The rat bites you but does no damage.
You closely miss the rat. The rat completely misses you.
You hit the rat.
You kill the rat!
Trog accepts your kill.
You hit the worm.
The worm is moderately wounded.
The worm bites you.
You hit the worm but do no damage.
The worm is lightly wounded.
You hit the worm.
The worm is moderately wounded.
The worm bites you but does no damage.
You hit the worm but do no damage.
The worm is moderately wounded.
You hit the worm.
The worm is moderately wounded.
The worm bites you.
You hit the worm but do no damage. You bite the worm, but do no damage.
The worm is moderately wounded.
You barely miss the worm.
The worm is moderately wounded.
The worm bites you!
You fail to use your ability.
The worm bites you!
You die...

#######.###.#####.#.#
#.# #.# #.....# #.#
#.# #.#.#.# #.# #.#
#.#.#.# #.# #.#
#.###.# #.#
#.###...... #.#
#.##......#
##########.#
#.#########
......w@...#
##########.# #...
#.### #.# ###


You could see a worm.

Vanquished Creatures
  An adder (D:2)
  An endoplasm (D:1)
  3 giant cockroaches (D:1)
  2 goblins (D:1)
  3 hobgoblins (D:1)
  A quokka (D:1)
  6 frilled lizards (D:1)
  3 kobolds (D:1)
  2 rats
22 creatures vanquished.

Notes
Turn   | Place    | Note
-------+----------+-------------------------------------------
     0 | D:1      | testman the Gnoll Wanderer began the quest for the Orb.
     0 | D:1      | testman set off with the following items: a +0 club, a
                  | scroll of blinking, a +0 robe, a piece from Xom's
                  | chessboard (15/15); and the following spells available to
                  | memorise: Beastly Appendage, Shock, Spider Form, Dazzling
                  | Flash, Flame Wave.
     0 | D:1      | Reached XP level 1. HP: 13/13 MP: 6/6
     2 | D:1      | Learned a level 1 spell: Beastly Appendage
     4 | D:1      | Learned a level 1 spell: Shock
   309 | D:1      | Reached XP level 2. HP: 19/19 MP: 4/7
  1121 | D:1      | Found a faded altar of an unknown god.
  1128 | D:1      | Prayed at the altar of an unknown god.
  1128 | D:1      | Became a worshipper of Trog the Wrathful
  1128 | D:1      | Reached * piety under Trog
  1613 | D:2      | Reached skill level 5 in Spellcasting
  1613 | D:2      | Reached XP level 3. HP: 25/25 MP: 7/9
  1698 | D:2      | Slain by a worm

Illustrated notes

Levels and vault maps discovered:
D:1:      kennysheep_arrival_forest, layout_basic, serial_rivers,
          chequers_serial_rivers_micro_b, chequers_serial_rivers_room_a,
          chequers_serial_rivers_large_a, chequers_serial_rivers_large_b,
          chequers_serial_rivers_micro_a, basic_ecumenical_altar,
          grunt_decor_cap, minmay_tromino_v4_a
D:2:      layout_basic, grunt_ministairs_12, lemuel_another_geyser

Skill      XL: |  1  2 |
---------------+-------+-----
Spellcasting   | 5 |  5.0
Fighting       | |  0.7
Short Blades   | |  0.7
Long Blades    | |  0.7
Axes           | |  0.7
Maces & Flails | |  0.7
Polearms       | |  0.7
Staves         | |  0.7
Ranged Weapons | |  0.7
Throwing       | |  0.7
Armour         | |  0.7
Dodging        | |  0.7
Stealth        | |  0.7
Shields        | |  0.7
Unarmed Combat | |  0.7
Conjurations   | |  3.7
Hexes          | |  0.5
Summonings     | |  0.5
Necromancy     | |  0.5
Translocations | |  0.5
Transmutations | |  5.4
Fire Magic     | |  0.5
Ice Magic      | |  0.5
Air Magic      | |  0.5
Earth Magic    | |  0.5
Poison Magic   | |  0.5
Invocations    | |  2.6
Evocations     | |  4.5

Action                   || total
-------------------------++-------
Melee: Club              ||     5
       Kick              ||     6
       Dagger            ||    69
       Headbutt          ||     5
       Bite              ||     3
       Punch             ||     2
 Cast: Shock             ||    13
       Beastly Appendage ||     3
Invok: Berserk           ||     1
 Stab: Sleeping          ||     1
Armor: Robe              ||    23
Dodge: Dodged            ||    54

Table legend: (Time is in decaauts)
 A = Elapsed time spent in this place.
 B = Non-inter-level travel time spent in this place.
 C = Inter-level travel time spent in this place.
 D = Time resting spent in this place.
 E = Time spent auto-exploring this place.
 F = Levels seen in this place.
 G = Mean time per level.
                   A        B        C        D        E       F      G
               +--------+--------+--------+--------+--------+-----+--------+
         Total |   1740 |   1641 |     99 |    175 |   1231 |   2 |  870.0 |
       Dungeon |   1740 |   1641 |     99 |    175 |   1231 |   2 |  870.0 |
               +--------+--------+--------+--------+--------+-----+--------+

Top non-repeatable levels by time:
     D:1: 1607 daAuts
     D:2: 133 daAuts
